TOP OF THE 1ST |
Spokane Trappers batting - Pitching for Calgary Cowboys : RHP Abraham Hes
|
Pitching: RHP Abraham Hes
|
|
Batting: LHB Henry Leroux
|
0-0: Ball 1-0: Called Strike 1-1: Foul Ball, location: 2F 1-2: Fly out, F7 (Flyball, 78D)
|
Batting: RHB John Craig
|
0-0: Ball 1-0: Ball 2-0: Called Strike 2-1: SINGLE (Line Drive, 56D)
|
Batting: RHB Hyo-sang Yu
|
0-0: Ball 1-0: Grounds into double play, 5-4-3 (Groundball, 5)
|
Top of the 1st over - 0 run(s), 1 hit(s), 0 error(s), 0 left on base; Spokane 0 - Calgary 0 |
BOTTOM OF THE 1ST |
Calgary Cowboys batting - Pitching for Spokane Trappers : LHP Miguel Martínez
|
Pitching: LHP Miguel Martínez
|
|
Batting: RHB Clark Hodge
|
0-0: Ball 1-0: Ball 2-0: Foul Ball, location: 2F 2-1: Called Strike 2-2: Strikes out swinging
|
Batting: RHB Mike Wilcox
|
0-0: Ball 1-0: Ball 2-0: Called Strike 2-1: Ball 3-1: Called Strike 3-2: Ground out 4-3 (Groundball, 4)
|
Batting: RHB Dan Wyatt
|
0-0: Ball 1-0: Ground out 6-3 (Groundball, 6)
|
Bottom of the 1st over - 0 run(s), 0 hit(s), 0 error(s), 0 left on base; Spokane 0 - Calgary 0 |
TOP OF THE 2ND |
Spokane Trappers batting - Pitching for Calgary Cowboys : RHP Abraham Hes
|
Batting: SHB Esteban Silva
|
0-0: Ball 1-0: Ground out 6-3 (Groundball, 6M)
|
Batting: LHB José Feliciano
|
0-0: Foul Ball, location: 2F 0-1: Called Strike 0-2: Ball 1-2: Ball 2-2: Ball 3-2: Base on Balls
|
Batting: RHB Ramiro Ross
|
0-0: Reached on error, E5 (Groundball, 56) José Feliciano to second
|
Batting: LHB Pete Carter
|
0-0: Ball 1-0: SINGLE (Groundball, 4M) José Feliciano to third Ramiro Ross to second
|
Batting: RHB Carmelo Hernández
|
0-0: Ball 1-0: Ball 2-0: Foul Ball, location: 2F 2-1: Called Strike 2-2: Ball 3-2: Strikes out swinging
|
Batting: RHB Todd Rockburn
|
0-0: Ball 1-0: Ball 2-0: Foul Ball, location: 2F 2-1: Ball 3-1: Base on Balls José Feliciano scores Ramiro Ross to third Pete Carter to second
|
Batting: LHB Henry Leroux
|
0-0: Called Strike 0-1: Swinging Strike 0-2: Foul Ball, location: 2F 0-2: Ball 1-2: Strikes out swinging
|
Top of the 2nd over - 1 run(s), 1 hit(s), 1 error(s), 3 left on base; Spokane 1 - Calgary 0 |
BOTTOM OF THE 2ND |
Calgary Cowboys batting - Pitching for Spokane Trappers : LHP Miguel Martínez
|
Batting: RHB Cristián Peña
|
0-0: Ball 1-0: Called Strike 1-1: Ball 2-1: Foul Ball, location: 2F 2-2: Foul Ball, location: 2F 2-2: Foul Ball, location: 2F 2-2: Foul Ball, location: 2F 2-2: Foul Ball, location: 2F 2-2: Foul Ball, location: 2F 2-2: Ball 3-2: Strikes out swinging
|
Batting: RHB Derek Carr
|
0-0: Ball 1-0: Ball 2-0: Foul Ball, location: 2F 2-1: Ball 3-1: Called Strike 3-2: DOUBLE (Flyball, 89D)
|
Batting: RHB Jesús Hernández
|
0-0: Ball 1-0: Fly out, F7 (Popup, 78S)
|
Batting: RHB Iain Liefting
|
0-0: Ball 1-0: Ball 2-0: Ball 3-0: Called Strike 3-1: Foul Ball, location: 2F 3-2: Foul Ball, location: 2F 3-2: Base on Balls
|
Batting: LHB Freddy Herrera
|
0-0: Ball 1-0: Ball 2-0: Ball 3-0: Base on Balls Derek Carr to third Iain Liefting to second
|
Batting: RHB Tom Yarbrough
|
0-0: Called Strike 0-1: Called Strike 0-2: Ball 1-2: Fly out, F4 (Line Drive, 4M)
|
Bottom of the 2nd over - 0 run(s), 1 hit(s), 0 error(s), 3 left on base; Spokane 1 - Calgary 0 |
TOP OF THE 3RD |
Spokane Trappers batting - Pitching for Calgary Cowboys : RHP Abraham Hes
|
Batting: RHB John Craig
|
0-0: Ball 1-0: SINGLE (Line Drive, 4D)
|
Batting: RHB Hyo-sang Yu
|
0-0: Called Strike 0-1: Ball 1-1: Ball 2-1: Called Strike 2-2: SINGLE (Line Drive, 8RS) John Craig to second
|
Batting: SHB Esteban Silva
|
0-0: Ball 1-0: Grounds into double play, 4-6-3 (Groundball, 4) John Craig to third
|
Batting: LHB José Feliciano
|
0-0: Foul Ball, location: 2F 0-1: Ball 1-1: Ball 2-1: Called Strike 2-2: Foul Ball, location: 2F 2-2: Ball 3-2: Base on Balls
|
Batting: RHB Ramiro Ross
|
0-0: Ball 1-0: Ball 2-0: Foul Ball, location: 2F 2-1: Ball 3-1: DOUBLE (Line Drive, 7LD) John Craig scores José Feliciano to third Runner from 3rd tries for Home, SAFE, throw made home
|
Batting: LHB Pete Carter
|
0-0: Ball 1-0: Ball 2-0: Foul Ball, location: 2F 2-1: Ball 3-1: Base on Balls
|
Batting: RHB Carmelo Hernández
|
0-0: Ball 1-0: Ball 2-0: TRIPLE (Groundball, 3L) Ramiro Ross scores Pete Carter scores
|
Batting: RHB Todd Rockburn
|
0-0: Ball 1-0: SINGLE (Groundball, 6MD) Carmelo Hernández scores
|
Batting: LHB Henry Leroux
|
0-0: Called Strike 0-1: Ball 1-1: Swinging Strike 1-2: Ball 2-2: Ball 3-2: Foul Ball, location: 2F 3-2: Foul Ball, location: 2F 3-2: Base on Balls Todd Rockburn to second
|
Batting: RHB John Craig
|
0-0: Ball 1-0: Ball 2-0: Called Strike 2-1: Swinging Strike 2-2: Strikes out swinging
|
Top of the 3rd over - 5 run(s), 5 hit(s), 0 error(s), 2 left on base; Spokane 6 - Calgary 0 |
BOTTOM OF THE 3RD |
Calgary Cowboys batting - Pitching for Spokane Trappers : LHP Miguel Martínez
|
Batting: RHB Clark Hodge
|
0-0: Swinging Strike 0-1: Called Strike 0-2: Strikes out swinging
|
Batting: RHB Mike Wilcox
|
0-0: Ball 1-0: Foul Ball, location: 2F 1-1: Ball 2-1: Ball 3-1: Fly out, F8 (Flyball, 8LM)
|
Batting: RHB Dan Wyatt
|
0-0: Ball 1-0: Ball 2-0: Foul Ball, location: 2F 2-1: Swinging Strike 2-2: Foul Ball, location: 2F 2-2: Ball 3-2: Base on Balls
|
Batting: RHB Cristián Peña
|
0-0: Ball 1-0: Swinging Strike 1-1: Ground out 3-1 (Groundball, 34)
|
Bottom of the 3rd over - 0 run(s), 0 hit(s), 0 error(s), 1 left on base; Spokane 6 - Calgary 0 |
TOP OF THE 4TH |
Spokane Trappers batting - Pitching for Calgary Cowboys : RHP Abraham Hes
|
Batting: RHB Hyo-sang Yu
|
0-0: Ground out 4-3 (Groundball, 4M)
|
Batting: SHB Esteban Silva
|
0-0: Called Strike 0-1: Ball 1-1: Fly out, F8 (Flyball, 8RS)
|
Batting: LHB José Feliciano
|
0-0: Swinging Strike 0-1: Ball 1-1: Ball 2-1: Foul Ball, location: 2F 2-2: Strikes out swinging
|
Top of the 4th over - 0 run(s), 0 hit(s), 0 error(s), 0 left on base; Spokane 6 - Calgary 0 |
BOTTOM OF THE 4TH |
Calgary Cowboys batting - Pitching for Spokane Trappers : LHP Miguel Martínez
|
Batting: RHB Derek Carr
|
0-0: Fly out, F9 (Flyball, 89S)
|
Batting: RHB Jesús Hernández
|
0-0: Swinging Strike 0-1: Foul Ball, location: 2F 0-2: Foul Ball, location: 2F 0-2: Foul Ball, location: 2F 0-2: Strikes out swinging
|
Batting: RHB Iain Liefting
|
0-0: Ball 1-0: Bunt for hit - play at first, batter OUT! 1-3
|
Bottom of the 4th over - 0 run(s), 0 hit(s), 0 error(s), 1 left on base; Spokane 6 - Calgary 0 |
TOP OF THE 5TH |
Spokane Trappers batting - Pitching for Calgary Cowboys : RHP Abraham Hes
|
Batting: RHB Ramiro Ross
|
0-0: Foul Ball, location: 2F 0-1: Ball 1-1: Ball 2-1: Swinging Strike 2-2: Foul Ball, location: 2F 2-2: Ball 3-2: Base on Balls
|
Batting: LHB Pete Carter
|
0-0: Ball 1-0: Called Strike 1-1: Foul Ball, location: 2F 1-2: Ball 2-2: Ball 3-2: Foul Ball, location: 2F 3-2: Fielders Choice at 2nd, 4-6 (Groundball, 4)
|
Pitching: LHP Takayuki Ine
|
|
Batting: RHB Carmelo Hernández
|
0-0: Foul Ball, location: 2F 0-1: Ball 1-1: Ball 2-1: SINGLE (Groundball, 6) Pete Carter to second
|
Batting: RHB Todd Rockburn
|
0-0: Ball 1-0: Foul Ball, location: 2F 1-1: SINGLE (Groundball, 6D) Pete Carter to third Carmelo Hernández to second Runner from 3rd tries for Home, SAFE, throw made home Carmelo Hernández to third Todd Rockburn to second
|
Batting: LHB Henry Leroux
|
0-0: Called Strike 0-1: Swinging Strike 0-2: Strikes out swinging
|
Batting: RHB John Craig
|
0-0: Foul Ball, location: 2F 0-1: Called Strike 0-2: Ball 1-2: SINGLE (Line Drive, 78M) Carmelo Hernández scores Todd Rockburn to third
|
Batting: RHB Hyo-sang Yu
|
0-0: Called Strike 0-1: SINGLE (Groundball, 4MD) Todd Rockburn scores John Craig to second Runner from 2nd tries for 3rd, SAFE, throw made to third
|
Batting: SHB Esteban Silva
|
0-0: Ball 1-0: Called Strike 1-1: Swinging Strike 1-2: SINGLE (Groundball, 6D) John Craig scores Hyo-sang Yu to second
|
Batting: LHB José Feliciano
|
0-0: Ball 1-0: Called Strike 1-1: Swinging Strike 1-2: Ball 2-2: Ball 3-2: Base on Balls Hyo-sang Yu to third Esteban Silva to second
|
Batting: RHB Ramiro Ross
|
0-0: Swinging Strike 0-1: Ball 1-1: Swinging Strike 1-2: Strikes out swinging
|
Top of the 5th over - 4 run(s), 5 hit(s), 0 error(s), 3 left on base; Spokane 10 - Calgary 0 |
BOTTOM OF THE 5TH |
Calgary Cowboys batting - Pitching for Spokane Trappers : LHP Miguel Martínez
|
Batting: LHB Freddy Herrera
|
0-0: Swinging Strike 0-1: Ball 1-1: Called Strike 1-2: Strikes out swinging
|
Batting: RHB Tom Yarbrough
|
0-0: Foul Ball, location: 2F 0-1: Called Strike 0-2: Ball 1-2: Strikes out swinging
|
Batting: RHB Clark Hodge
|
0-0: Called Strike 0-1: Swinging Strike 0-2: Ball 1-2: DOUBLE (Flyball, 8RXD)
|
Batting: RHB Mike Wilcox
|
0-0: Called Strike 0-1: Called Strike 0-2: Strikes out looking
|
Bottom of the 5th over - 0 run(s), 1 hit(s), 0 error(s), 1 left on base; Spokane 10 - Calgary 0 |
TOP OF THE 6TH |
Spokane Trappers batting - Pitching for Calgary Cowboys : LHP Takayuki Ine
|
Pitching: RHP Richard Boyd
|
|
Batting: LHB Pete Carter
|
0-0: Ball 1-0: Swinging Strike 1-1: Ball 2-1: Foul Ball, location: 2F 2-2: Strikes out swinging
|
Batting: RHB Carmelo Hernández
|
0-0: Called Strike 0-1: Foul Ball, location: 2F 0-2: Foul Ball, location: 2F 0-2: Ball 1-2: Foul Ball, location: 2F 1-2: Ball 2-2: Strikes out looking
|
Batting: RHB Todd Rockburn
|
0-0: Called Strike 0-1: Ball 1-1: Ball 2-1: Ball 3-1: Base on Balls
|
Batting: LHB Henry Leroux
|
0-0: Called Strike 0-1: Swinging Strike 0-2: Ball 1-2: Strikes out swinging
|
Top of the 6th over - 0 run(s), 0 hit(s), 0 error(s), 1 left on base; Spokane 10 - Calgary 0 |
BOTTOM OF THE 6TH |
Calgary Cowboys batting - Pitching for Spokane Trappers : LHP Miguel Martínez
|
Batting: RHB Dan Wyatt
|
0-0: Ball 1-0: Ball 2-0: Called Strike 2-1: Foul Ball, location: 2F 2-2: Ball 3-2: Foul Ball, location: 2F 3-2: Foul Ball, location: 2F 3-2: Base on Balls
|
Batting: RHB Cristián Peña
|
0-0: Fly out, F6 (Line Drive, 6)
|
Pinch Hitting: RHB Ramón Martínez
|
0-0: Grounds into double play, 6-4-3 (Groundball, 6)
|
Bottom of the 6th over - 0 run(s), 0 hit(s), 0 error(s), 0 left on base; Spokane 10 - Calgary 0 |
TOP OF THE 7TH |
Spokane Trappers batting - Pitching for Calgary Cowboys : RHP Richard Boyd
|
Now in LF: Júlio Soto
|
|
Batting: RHB John Craig
|
0-0: Ball 1-0: Called Strike 1-1: Ground out 1-3 (Groundball, 13S)
|
Batting: RHB Hyo-sang Yu
|
0-0: Ball 1-0: Ball 2-0: Ball 3-0: Base on Balls
|
Batting: SHB Esteban Silva
|
0-0: Ball 1-0: Fly out, F3 (Line Drive, 3) 1-0: Lined into DP, U3 (Line Drive, 3)
|
Top of the 7th over - 0 run(s), 0 hit(s), 0 error(s), 0 left on base; Spokane 10 - Calgary 0 |
BOTTOM OF THE 7TH |
Calgary Cowboys batting - Pitching for Spokane Trappers : LHP Miguel Martínez
|
Batting: RHB Jesús Hernández
|
0-0: Called Strike 0-1: Swinging Strike 0-2: Ball 1-2: Foul Ball, location: 2F 1-2: Ball 2-2: SINGLE (Line Drive, 6D)
|
Pitching: RHP Andrew Kirk
|
|
Batting: RHB Iain Liefting
|
0-0: Grounds into double play, 5-4-3 (Groundball, 5)
|
Batting: LHB Freddy Herrera
|
0-0: Called Strike 0-1: Ball 1-1: Ball 2-1: Ground out 5-3 (Groundball, 56)
|
Bottom of the 7th over - 0 run(s), 1 hit(s), 0 error(s), 0 left on base; Spokane 10 - Calgary 0 |
TOP OF THE 8TH |
Spokane Trappers batting - Pitching for Calgary Cowboys : RHP Richard Boyd
|
Pitching: LHP Mario Rosário
|
|
Batting: LHB José Feliciano
|
0-0: Called Strike 0-1: Foul Ball, location: 2F 0-2: Ball 1-2: Ball 2-2: SINGLE (Popup, 6MD)
|
Batting: RHB Ramiro Ross
|
0-0: Bunt missed! 0-1: Bunt missed! 0-2: Ball 1-2: Fly out, F8 (Flyball, 8LXD)
|
Batting: LHB Pete Carter
|
0-0: Called Strike 0-1: Ball 1-1: Ball 2-1: Fly out, F6 (Popup, 6)
|
Batting: RHB Carmelo Hernández
|
0-0: Called Strike 0-1: Swinging Strike 0-2: Ball 1-2: Foul Ball, location: 2F 1-2: Ball 2-2: Ball 3-2: Strikes out swinging
|
Top of the 8th over - 0 run(s), 1 hit(s), 0 error(s), 1 left on base; Spokane 10 - Calgary 0 |
BOTTOM OF THE 8TH |
Calgary Cowboys batting - Pitching for Spokane Trappers : RHP Andrew Kirk
|
Batting: RHB Tom Yarbrough
|
0-0: Called Strike 0-1: Called Strike 0-2: Strikes out swinging
|
Batting: RHB Clark Hodge
|
0-0: Ball 1-0: Ball 2-0: Called Strike 2-1: Ground out 6-3 (Groundball, 6)
|
Batting: RHB Mike Wilcox
|
0-0: Ball 1-0: Foul Ball, location: 2F 1-1: Ball 2-1: Foul Ball, location: 2F 2-2: Foul Ball, location: 2F 2-2: Ball 3-2: Fly out, F8 (Flyball, 8LD)
|
Bottom of the 8th over - 0 run(s), 0 hit(s), 0 error(s), 0 left on base; Spokane 10 - Calgary 0 |
TOP OF THE 9TH |
Spokane Trappers batting - Pitching for Calgary Cowboys : LHP Mario Rosário
|
Pitching: RHP Tatsuzo Harada
|
|
Batting: RHB Todd Rockburn
|
0-0: Ball 1-0: Swinging Strike 1-1: Foul Ball, location: 2F 1-2: Strikes out looking
|
Batting: LHB Henry Leroux
|
0-0: Ball 1-0: Called Strike 1-1: Ball 2-1: SOLO HOME RUN (Flyball, 9D), Distance : 379 ft
|
Batting: RHB John Craig
|
0-0: Ball 1-0: Foul Ball, location: 2F 1-1: Ball 2-1: Ball 3-1: Base on Balls
|
Batting: RHB Hyo-sang Yu
|
0-0: Swinging Strike 0-1: Foul Ball, location: 2F 0-2: Strikes out looking
|
Batting: SHB Esteban Silva
|
0-0: Called Strike John Craig is caught stealing 2nd base
|
Top of the 9th over - 1 run(s), 1 hit(s), 0 error(s), 0 left on base; Spokane 11 - Calgary 0 |
BOTTOM OF THE 9TH |
Calgary Cowboys batting - Pitching for Spokane Trappers : RHP Andrew Kirk
|
Batting: RHB Dan Wyatt
|
0-0: Swinging Strike 0-1: Ball 1-1: Foul Ball, location: 2F 1-2: Ball 2-2: Ball 3-2: Fly out, F9 (Line Drive, 9M)
|
Batting: RHB Cristián Peña
|
0-0: Ball 1-0: Swinging Strike 1-1: Ball 2-1: Foul Ball, location: 2F 2-2: Ball 3-2: Strikes out looking
|
Batting: RHB Júlio Soto
|
0-0: Ball 1-0: Ball 2-0: Called Strike 2-1: Foul Ball, location: 2F 2-2: Ball 3-2: Strikes out looking
|
Bottom of the 9th over - 0 run(s), 0 hit(s), 0 error(s), 0 left on base; Spokane 11 - Calgary 0 |
|